 Dungeon Crawl Stone Soup version 0.27.1-4-g1640c2035a (webtiles) character file.

Game seed: 8842949885575806463

11 bearlyready the Sneak (level 2, -2/20 HPs)
             Began as a Gnoll Enchanter on Nov 16, 2021.
             Slain by a gnoll (4 damage)
             ... on level 1 of the Dungeon.
             The game lasted 00:00:36 (807 turns).

bearlyready the Sneak (Gnoll Enchanter)              Turns: 807, Time: 00:00:36

Health: -2/20      AC:  7    Str: 13    XL:     2   Next: 25%
Magic:  7/7        EV: 13    Int: 14    God:
Gold:   10         SH:  0    Dex: 12    Spells: 9/10 levels left

rFire    . . .     SeeInvis .   a - +1 dagger
rCold    . . .     Faith    .   (no shield)
rNeg     . . .     Spirit   .   e - +0 leather armour
rPois    .         Reflect  .   (no helmet)
rElec    .         Harm     .   (no cloak)
rCorr    .         Rampage  .   (no gloves)
Will     .....                  (no boots)
Stlth    +++.......             (no amulet)
HPRegen  0.06/turn              d - +6 ring of strength
MPRegen  0.10/turn              f - +4 ring of protection

@: no status effects
A: fangs 1, strong nose, distributed training
a: no special abilities


You were on level 1 of the Dungeon.
You visited 1 branch of the dungeon, and saw 1 of its levels.

You collected 10 gold pieces.

Inventory:

Hand Weapons
 a - a +1 dagger (weapon)
Armour
 b - a +0 robe
 e - a +0 leather armour (worn)
Jewellery
 d - a +6 ring of strength (left hand)
 f - a +4 ring of protection (right hand)
Scrolls
 c - 2 scrolls of teleportation {unknown}


   Skills:
 + Level 0.3 Fighting
 + Level 2.4 Short Blades
 + Level 0.3 Long Blades
 + Level 0.3 Axes
 + Level 0.3 Maces & Flails
 + Level 0.3 Polearms
 + Level 0.3 Staves
 + Level 0.3 Slings
 + Level 0.3 Bows
 + Level 0.3 Crossbows
 + Level 0.3 Throwing
 + Level 0.3 Armour
 + Level 4.4 Dodging
 + Level 5.9 Stealth
 + Level 0.3 Shields
 + Level 0.3 Unarmed Combat
 + Level 4.9 Spellcasting
 + Level 0.2 Conjurations
 + Level 5.3 Hexes
 + Level 0.2 Summonings
 + Level 0.2 Necromancy
 + Level 0.2 Translocations
 + Level 0.2 Transmutations
 + Level 0.2 Fire Magic
 + Level 0.2 Ice Magic
 + Level 0.2 Air Magic
 + Level 0.2 Earth Magic
 + Level 0.2 Poison Magic
 + Level 0.4 Invocations
 + Level 0.3 Evocations


You had 9 spell levels left.
You knew the following spells:

 Your Spells              Type           Power      Damage    Failure   Level
a - Corona                Hex            20%        N/A       2%          1

Your spell library contained the following spells:

 Spells                   Type           Power      Damage    Failure   Level
 Confusing Touch          Hex            18%        N/A       8%          3
 Tukima's Dance           Hex            18%        N/A       8%          3
 Ensorcelled Hibernation  Hex/Ice        22%        N/A       11%         2
 Sandblast                Erth           8%         2d5       21%         1
 Dazzling Flash           Conj/Hex       22%        N/A       22%         3
 Passwall                 Tmut/Erth      3%         N/A       30%         2
 Ozocubu's Armour         Ice            4%         N/A       52%         3
 Lee's Rapid Deconstruct  Erth           2%         3d5*      99%         5
 Ozocubu's Refrigeration  Ice            2%         4d5       100%        7


Dungeon Overview and Level Annotations

Branches:
Dungeon (1/15)

Altars:


Innate Abilities, Weirdness & Mutations

You have very sharp teeth.
Your uncanny sense of smell can sniff out nearby items.
Your experience applies equally to all skills.


Message History

No target in view!
You see here a rat corpse.
f - a +4 ring of protection A rat comes into view.
A rat is nearby!
A rat is nearby!
f - a +4 ring of protection (right hand)
You hit the rat.
The rat is moderately wounded.
You hit the rat.
You kill the rat!
You see here a rat corpse.
No target in view!
A goblin comes into view. It is wielding a +0 club.
A goblin is nearby!
A goblin is nearby!
The helpless goblin fails to defend itself.
You impale the goblin!!
You kill the goblin!
No target in view!
No target in view!
No target in view!
No target in view!
No target in view!
No target in view!
No target in view!
No target in view!
Things that are here:
a +0 club; a goblin corpse A gnoll comes into view.
It is wielding a +2 vorpal flail.
A gnoll is nearby!
A gnoll is nearby!
The gnoll shouts!
The gnoll hits you with a +2 vorpal flail.
You hit the gnoll.
The gnoll is moderately wounded.
The gnoll hits you with a +2 vorpal flail!
Ouch! That really hurt!
* * * LOW HITPOINT WARNING * * *
You die...

#.#..........####.#..# #...
#.#.......†.....#....########.#.
#.#......†...##.#...........#...
##.#...........................#.
...#..........##.#.#.#######.#.#.
####..........##...#.#######.#.#.
#############.###...........#.
#.# #.#######.###. #@# ### #.# #.
#g# #.. . #.# #### #.. ###


You could see a gnoll.

Vanquished Creatures
  A goblin (D:1)
  2 hobgoblins (D:1)
  A kobold (D:1)
  A quokka (D:1)
  A ball python (D:1)
  A bat (D:1)
  4 rats (D:1)
11 creatures vanquished.

Notes
Turn   | Place    | Note
-------+----------+-------------------------------------------
     0 | D:1      | bearlyready the Gnoll Enchanter began the quest for the
                  | Orb.
     0 | D:1      | Reached XP level 1. HP: 13/13 MP: 6/6
   607 | D:1      | Reached XP level 2. HP: 19/19 MP: 7/7
   807 | D:1      | Slain by a gnoll

Illustrated notes

Levels and vault maps discovered:
D:1:      dpeg_arrival_rhombus, layout_basic, ebering_ecumenical_altar_webs

Action                   || total
-------------------------++-------
Melee: Dagger            ||    35
       Bite              ||     2
 Stab: Sleeping          ||     3
Armor: Robe              ||     1
       Leather armour    ||     2
Dodge: Dodged            ||    22
